 Dungeon Crawl Stone Soup version 0.28.0-53-g5a82cb258f (webtiles) character file.

Game seed: 18273459742321523619

35 Legadrian the Skirmisher (level 3, -4/31 HPs)
             Began as a Human Fighter on June 22, 2022.
             Frozen to death by an endoplasm (5 damage)
             ... on level 2 of the Dungeon on June 23, 2022.
             The game lasted 00:04:25 (1375 turns).

Legadrian the Skirmisher (Human Fighter)            Turns: 1375, Time: 00:04:25

Health: -4/31      AC:  7    Str: 18    XL:     3   Next: 52%
Magic:  3/3        EV:  9    Int:  8    God:
Gold:   38         SH:  4    Dex: 12    Spells: 2/2 levels left

rFire   . . .      SeeInvis .   a - +0 flail
rCold   . . .      Faith    .   c - +0 buckler
rNeg    . . .      Spirit   .   b - +0 scale mail
rPois   .          Reflect  .   (no helmet)
rElec   .          Harm     .   (no cloak)
rCorr   .          Rampage  .   (no gloves)
Will    .....                   j - +0 pair of boots
Stlth   ..........              (no amulet)
HPRegen 0.10/turn               (no ring)
MPRegen 0.08/turn               (no ring)

@: studying Unarmed Combat
A: no striking features
a: no special abilities


You were on level 2 of the Dungeon.
You visited 1 branch of the dungeon, and saw 2 of its levels.

You collected 38 gold pieces.

Inventory:

Hand Weapons
 a - a +0 flail (weapon)
 i - a +0 hand axe
Missiles
 e - 24 sling bullets
 f - 12 stones (quivered)
Armour
 b - a +0 scale mail (worn)
 c - a +0 buckler (worn)
 j - a +0 pair of boots (worn)
Potions
 d - a potion of might
 h - a potion of lignification


   Skills:
 + Level 4.3 Fighting
 - Level 2.0 Maces & Flails
 - Level 3.0 Armour
 - Level 3.0 Shields


You had 2 spell levels left.
You didn't know any spells.
Your spell library was empty.

Dungeon Overview and Level Annotations

Branches:
Dungeon (2/15)

Altars:


Message History

You closely miss the adder. The adder barely misses you.
You closely miss the adder. The adder bites you.
You are poisoned.
The adder poisons you! The adder barely misses you.
You miss the adder.
You feel sick. The adder barely misses you. The adder completely misses you.
You feel sick.
You closely miss the adder.
You feel sick. The adder barely misses you. x2
You miss the adder.
You feel sick.
You are no longer poisoned.
The adder bites you.
You are poisoned.
The adder poisons you! The adder bites you.
You closely miss the adder.
You feel sick. The adder barely misses you. x2
You sock the adder!
You kill the adder!
You feel sick.
The endoplasm hits you but does no damage.
You hit the endoplasm.
The endoplasm is severely wounded.
You feel sick. The endoplasm freezes you.
You are frozen.
* * * LOW HITPOINT WARNING * * *
You completely miss the endoplasm.
The endoplasm is severely wounded.
You feel sick. The endoplasm freezes you.
You are frozen.
* * * LOW HITPOINT WARNING * * *
You barely miss the endoplasm.
The endoplasm is severely wounded.
You feel sick.
You are no longer poisoned.
The endoplasm freezes you.
You are frozen.
* * * LOW HITPOINT WARNING * * *
The endoplasm freezes you.
You are frozen.
You die...

.... .#. .
... .. ##
.. ...
.###.#..#.
.........
#......#
#J#
###@###
#<....#
#.....#
#.....+
#.....#
#.....#
#.......
#.......#
#####...#


You could see an endoplasm.

Vanquished Creatures
  An adder (D:2)
  A dart slug (D:1)
  2 ball pythons (D:1)
  3 endoplasms (D:1)
  A giant cockroach (D:1)
  A hobgoblin (D:1)
  2 jackals (D:1)
  2 kobolds (D:1)
  4 bats (D:1)
  2 frilled lizards (D:1)
  2 goblins (D:1)
  A rat (D:1)
22 creatures vanquished.

Notes
Turn   | Place    | Note
-------+----------+-------------------------------------------
     0 | D:1      | Legadrian the Human Fighter began the quest for the Orb.
     0 | D:1      | Reached XP level 1. HP: 18/18 MP: 1/1
   215 | D:1      | Reached XP level 2. HP: 21/24 MP: 2/2
   882 | D:1      | Reached skill level 4 in Fighting
   882 | D:1      | Reached XP level 3. HP: 20/30 MP: 3/3
  1356 | D:1      | Identified a scroll of acquirement
  1356 | D:1      | Acquired a manual of Unarmed Combat
  1375 | D:2      | HP: 1/31 [frozen (5)]
  1375 | D:2      | Frozen to death by an endoplasm

Illustrated notes

Levels and vault maps discovered:
D:1:      enne_arrival_octagon_isle, layout_basic,
          chequers_serial_rivers_room_a, minmay_tromino_i2
D:2:      layout_basic, basic_altar

Skill      XL: |  1  2 |
---------------+-------+-----
Fighting       | 4 |  4.3
Maces & Flails | |  2.0
Armour         | |  3.0
Shields        | |  3.0

Action                   || total
-------------------------++-------
Melee: Flail             ||    78
  Use: Scroll            ||     2
       Potion            ||     2
Armor: Scale mail        ||    42
Dodge: Dodged            ||    39
Block: Buckler           ||    13
